Map: Pylon LE

Players

Mojo - Winner!

  • Race: Zerg Zerg
  • League: Platinum
  • Spawn Location: 11:00

ManlyManMeat

  • Race: Zerg Zerg
  • League: Master
  • Spawn Location: 5:00

VOD

Have the link to the VOD?

Description

Time

  • Played on: June 15, 2025, 2:18 p.m.
  • Length: 9:02
Show
View Real Time Build Order
Export as new Build Order

Mojo Zerg - Winner!

Build Orders: Pool First 

Get SALT Encoding   

  12  0:02  Drone  
  13  0:23  Spawning Pool  
  13  0:26  Drone  
  13  0:29  Drone  
  14  0:56  Hatchery  
  13  0:58  Drone  
  14  1:06  Overlord  
  14  1:24  Queen  
  14  1:25  Drone  
  17  1:28  Drone  
  18  1:33  Drone  
  18  1:38  Drone  
  20  1:43  Extractor  
  19  1:47  Drone  
  20  1:57  Overlord  
  20  2:09  Drone  
  20  2:10  Drone  
  22  2:17  Roach Warren  
  22  2:19  Spine Crawler  
  20  2:28  Spine Crawler  
  19  2:34  Drone x2  
  19  2:35  Drone  
  22  2:48  Queen  
  24  2:53  Drone  
  25  3:00  Drone x2  
  25  3:02  Drone  
  28  3:06  Drone  
  29  3:15  Drone x2  
  29  3:19  Drone x2  
  33  3:20  Drone  
  34  3:27  Drone  
  34  3:33  Spine Crawler  
  34  3:43  Spine Crawler, Drone x2  
  34  3:46  Drone  
  36  3:52  Overlord  
  36  3:54  Overlord  
  36  3:55  Overlord  
  36  3:57  Overlord  
  36  4:00  Extractor  
  35  4:03  Lair  
  35  4:08  Drone  
  36  4:11  Drone  
  37  4:18  Drone x3  
  37  4:19  Drone x2  
  37  4:20  Drone x2  
  37  4:23  Extractor  
  43  4:24  Extractor  
  42  4:34  Evolution Chamber x2  
  42  4:35  Drone, Evolution Chamber  
  42  4:36  Drone  
  41  4:45  Overlord x2  
  41  4:50  Drone  
  42  4:53  Drone  
  42  4:54  Drone x2  
  42  4:55  Drone x2  
  47  5:03  Zerg Ground Armor Level 1  
  47  5:05  Zerg Missile Weapons Level 1  
  47  5:08  Zerg Melee Weapons Level 1  
  47  5:10  Metabolic Boost  
  47  5:18  Roach x2  
  47  5:19  Roach  
  53  5:23  Roach  
  53  5:26  Roach  
  57  5:31  Roach x2  
  61  5:38  Drone  
  61  5:39  Hydralisk Den  
  61  5:42  Roach x3  
  67  5:47  Roach x2  
  71  5:52  Overlord  
  71  5:55  Overlord  
  71  6:01  Overlord x2  
  71  6:08  Grooved Spines  
  71  6:11  Hydralisk x2  
  71  6:14  Hydralisk  
  71  6:17  Hydralisk  
  79  6:22  Hydralisk  
  79  6:24  Hydralisk  
  83  6:32  Hydralisk x2  
  87  6:40  Hydralisk x2  
  87  6:41  Hydralisk  
  93  7:06  Hatchery  
  92  7:09  Extractor x2  
  90  7:58  Zergling x14  
  91  7:59  Zergling x16  
  79  8:21  Spire  
  79  8:25  Infestation Pit  
  77  8:28  Lurker Den  
Show
View Real Time Build Order
Export as new Build Order

ManlyManMeat Zerg 

Build Orders: Hatch First 

Get SALT Encoding   

  12  0:07  Overlord  
  12  0:13  Drone  
  13  0:16  Drone  
  14  0:26  Drone  
  15  0:29  Drone  
  16  0:40  Drone  
  17  0:53  Drone, Hatchery  
  17  1:01  Drone  
  18  1:15  Drone, Spawning Pool  
  18  1:18  Extractor  
  18  1:23  Drone  
  18  1:35  Drone  
  19  1:46  Drone  
  20  1:56  Drone  
  21  2:04  Queen x2  
  21  2:08  Overlord  
  25  2:11  Drone  
  26  2:22  Drone x2  
  28  2:30  Drone x2  
  28  2:36  Metabolic Boost  
  30  2:41  Baneling Nest  
  29  2:54  Queen  
  29  2:56  Drone x4  
  35  3:08  Overlord  
  35  3:21  Queen  
  35  3:22  Evolution Chamber  
  35  3:24  Evolution Chamber  
  35  3:28  Drone x5  
  35  3:29  Drone  
  41  3:43  Overlord  
  41  3:44  Zergling x2  
  41  3:45  Zergling x4  
  44  3:50  Zerg Melee Weapons Level 1  
  44  4:00  Hatchery  
  43  4:05  Drone  
  43  4:06  Drone  
  43  4:07  Drone x2  
  47  4:26  Drone  
  47  4:27  Drone x4  
  51  4:49  Lair  
  51  4:52  Extractor  
  51  4:53  Extractor  
  49  5:00  Overlord x3  
  49  5:07  Zergling x4  
  51  5:16  Drone x3  
  51  5:17  Drone, Overlord  
  51  5:18  Overlord x2  
  54  5:34  Zergling x6  
  56  5:36  Drone  
  57  5:45  Zerg Ground Armor Level 1  
  57  5:56  Zergling x6  
  57  5:57  Zergling x6  
  62  6:01  Hydralisk Den  
  62  6:02  Spore Crawler  
  62  6:03  Infestation Pit, Spore Crawler  
  59  6:07  Extractor  
  59  6:11  Zergling x8  
  59  6:12  Zergling x8  
  63  6:41  Roach Warren  
  63  6:42  Neural Parasite  
  63  6:46  Infestor  
  64  6:51  Extractor  
  63  7:00  Infestor  
  65  7:05  Zerg Missile Weapons Level 1  
  65  7:24  Overlord x2  
  65  7:28  Roach x8  
  80  7:39  Overlord  
  80  7:42  Roach x4  
  80  7:43  Zergling x2  
  80  7:44  Zergling x12  
  74  8:12  Roach x5  
  77  8:13  Roach  
  65  8:23  Zergling x4  
  65  8:24  Zergling x10  
  60  8:36  Zergling x2  
  60  8:37  Zergling x2  
Tags
 
Add a new tag
Caveats
  • Supply blocks, unpowered buildings, or Contaminate may cause inaccurate times.
  • Supply counts are checked every 10 seconds.